 Dungeon Crawl Stone Soup version 0.25.0-3-gd7cc5688da (webtiles) character file.

Game seed: 11812803926266881244

4 Esekla the Grasshopper (level 1, -1/19 HPs)
             Began as a Naga Warper on June 15, 2020.
             Slain by a hobgoblin
             ... wielding a +0 club
              (7 damage)
             ... on level 1 of the Dungeon.
             The game lasted 00:02:13 (78 turns).

Esekla the Grasshopper (Naga Warper)                  Turns: 78, Time: 00:02:13

Health: -1/19      AC:  1    Str: 13    XL:     1   Next: 70%
Magic:  3/3        EV:  9    Int: 13    God:
Gold:   13         SH:  0    Dex: 10    Spells: 4/4 levels left

rFire    . . .     SeeInvis +   a - +0 falchion
rCold    . . .     Gourm    .   (no shield)
rNeg     . . .     Faith    .   b - +0 leather armour
rPois    +         Spirit   .   (no helmet)
rElec    .         Reflect  .   (no cloak)
rCorr    .         Harm     .   (no gloves)
MR       .....                  (no barding)
Stlth    +.........             (no amulet)
HPRegen  0.06/turn              (no ring)
MPRegen  0.08/turn              (no ring)

@: short of breath, very slow
A: large, see invisible, deformed body, poison resistance, slowness 2, slow
metabolism 1, spit poison 1, AC +0
a: Spit Poison


You were on level 1 of the Dungeon.
You were not hungry.

You visited 1 branch of the dungeon, and saw 1 of its levels.

You collected 13 gold pieces.

Inventory:

Hand Weapons
 a - a +0 falchion (weapon)
Missiles
 e - 5 boomerangs of dispersal (quivered)
Armour
 b - a +0 leather armour (worn)
Jewellery
 c - a cursed amulet of inaccuracy {unknown}
Scrolls
 d - a scroll of blinking
Comestibles
 f - a ration


   Skills:
 * Level 2.2 Fighting
 * Level 2.2 Long Blades
 - Level 0.8 Throwing
 + Level 0.7 Armour
 + Level 1.5 Dodging
 + Level 2.0 Spellcasting
   Level 3.0 Translocations


You had 4 spell levels left.
You didn't know any spells.
Your spell library contained the following spells:

 Spells                   Type           Power        Failure   Level  Hunger
 Blink                    Tloc           N/A          14%         2    ###....
 Shroud of Golubria       Chrm/Tloc      #.....       26%         2    ###....
 Gell's Gravitas          Tloc           #.........   28%         3    ####...
 Lesser Beckoning         Tloc           #.........   28%         3    ####...
 Teleport Other           Tloc           #.......     28%         3    ####...
 Passage of Golubria      Tloc           N/A          67%         4    #####..


Dungeon Overview and Level Annotations

Branches:
Dungeon (1/15)

Altars:


Innate Abilities, Weirdness & Mutations

You cannot wear boots.
Your serpentine skin is tough. (AC +0)
You have supernaturally acute eyesight. (SInv)
Armour fits poorly on your strangely shaped body.
Your system is resistant to poisons. (rPois)
You cover ground very slowly.
You have a slow metabolism.
You can spit poison.


Message History

The kobold hits you but does no damage.
The kobold hits you with a +0 short sword.
You have got your breath back.
A bat comes into view.
The kobold hits you with a +0 short sword.
The kobold completely misses you.
The bat moves out of view.
Found a dagger.
The hobgoblin closely misses you.
Found 11 gold pieces.
The hobgoblin hits you with a +0 club. The kobold misses you.
The hobgoblin hits you with a +0 club.
* * * LOW HITPOINT WARNING * * *
The hobgoblin closely misses you.
Press: ? - help, Shift-Dir - straight line, f/p - kobold
Aim: a kobold, wielding a +0 short sword The splash of poison misses the hobgoblin.
The splash of poison hits the giant cockroach but does no damage.
You feel slightly more hungry. The hobgoblin hits you with a +0 club!
You die...

#..
#...###... .
#..###..##
..
#....#..##
..
...#...###..
..
#.#.K..)$..
#.
#KK....8...
#.
#s#........
#g#...###..
#@#..## #.
.. #.#..# ..
#.#... #
#.#.... #.
#.#.... ..
#.# # #.#
#.#


You could see a giant cockroach, a hobgoblin and 2 kobolds.

Vanquished Creatures
  A bat (D:1)
  A giant cockroach (D:1)
  A hobgoblin (D:1)
  A rat (D:1)
4 creatures vanquished.

Notes
Turn   | Place    | Note
-------+----------+-------------------------------------------
     0 | D:1      | Esekla the Naga Warper began the quest for the Orb.
     0 | D:1      | Reached XP level 1. HP: 19/19 MP: 3/3
    78 | D:1      | Slain by a hobgoblin

Illustrated notes

Levels and vault maps discovered:
D:1:      erik_arrival_cave_to_civilisation [erik_arrival_cave_to_hall],
          layout_loops_ring

Action                   || total
-------------------------++-------
Melee: Falchion          ||    12
 Abil: Spit Poison       ||     5
Armor: Leather armour    ||     6
Dodge: Dodged            ||    13
       Rpst.: Falchion   ||     5
